 Dungeon Crawl Stone Soup version 0.24-a0-170-gd8427f5 (console) character file.

Game seed: 9881827491955052355

8789 Duffy the Thaumaturge (level 11, -1/64 HPs)
             Began as a Deep Elf Fire Elementalist on Mar 11, 2019.
             Was an Elder of Vehumet.
             Slain by an orc warrior
             ... wielding a +0 glaive
              (15 damage)
             ... on level 10 of the Dungeon.
             The game lasted 00:21:31 (13607 turns).

Duffy the Thaumaturge (Deep Elf Fire Elementalist) Turns: 13607, Time: 00:21:32

Health: -1/64      AC:  8    Str:  5    XL:     11   Next: 14%
Magic:  31/37      EV: 16    Int: 24    God:    Vehumet [****..]
Gold:   56         SH: 11    Dex: 15    Spells: 7/32 levels left

rFire    . . .     SeeInvis .   p - +0 whip (elec)
rCold    . . .     Gourm    .   A - +0 buckler
rNeg     . . .     Faith    .   o - +3 leather armour
rPois    .         Spirit   .   (no helmet)
rElec    .         Reflect  +   (no cloak)
rCorr    .         Harm     .   m - +0 pair of gloves
MR       +....                  (no boots)
Stlth    ++........             q - +6 amulet of reflection
HPRegen  0.20/turn              x - ring of magical power
MPRegen  0.25/turn              G - +1 ring of protection

@: no status effects
A: no striking features
a: Renounce Religion


You were on level 10 of the Dungeon.
You worshipped Vehumet.
Vehumet was greatly pleased with you.
You were not hungry.

You visited 2 branches of the dungeon, and saw 11 of its levels.

You collected 476 gold pieces.
You spent 420 gold pieces at shops.

Inventory:

Hand Weapons
 p - a +0 whip of electrocution (weapon)
Armour
 m - a +0 pair of gloves (worn)
 o - a +3 leather armour (worn)
 A - a +0 buckler (worn)
Jewellery
 a - an uncursed amulet of faith
 e - an uncursed amulet of magic regeneration
 q - a +6 amulet of reflection (around neck)
 t - an uncursed amulet of faith
 v - an uncursed amulet of regeneration
 x - a ring of magical power (left hand)
 B - an uncursed ring of protection from cold
 E - an uncursed ring of see invisible
 G - a +1 ring of protection (right hand)
 I - an uncursed ring of ice
 M - an uncursed ring of poison resistance
Wands
 u - a wand of digging (4)
 H - a wand of flame (15)
 O - a wand of iceblast (4)
Scrolls
 b - 3 scrolls of enchant armour {unknown}
 d - 7 scrolls of remove curse
 f - a scroll of vulnerability
 h - 2 scrolls of enchant weapon {unknown}
 i - 2 scrolls of magic mapping {unknown}
 n - 2 scrolls of teleportation
 s - 2 scrolls of fear {unknown}
 y - 3 scrolls of fog {unknown}
 D - 2 scrolls of noise {unknown}
 F - 4 scrolls of amnesia
 L - a scroll of holy word {unknown}
 P - 6 scrolls of identify
 Q - a scroll of blinking
 S - a scroll of summoning
Potions
 g - 3 potions of invisibility
 j - a potion of ambrosia {unknown}
 k - 2 potions of might
 r - a potion of mutation
 w - a potion of brilliance
 z - 2 potions of agility
 J - 3 potions of flight
Miscellaneous
 N - a crystal ball of energy
Comestibles
 c - 14 rations


   Skills:
 - Level 5.2 Fighting
 - Level 8.0 Dodging
 - Level 2.4 Stealth
 - Level 4.0 Shields
 * Level 11.0 Spellcasting
 - Level 8.6 Conjurations
 - Level 8.6 Fire Magic
 - Level 2.2 Air Magic
 - Level 2.5 Poison Magic
 + Level 0.9 Evocations


You had 7 spell levels left.
You knew the following spells:

 Your Spells              Type           Power        Failure   Level  Hunger
h - Flame Tongue          Conj/Fire      #####        1%          1    None
j - Sticky Flame          Conj/Fire      ######..     1%          4    None
k - Fireball              Conj/Fire      ######....   1%          5    ####...
l - Conjure Flame         Conj/Fire      ######..     1%          3    None
o - Mephitic Cloud        Conj/Pois/Air  ####....     1%          3    None
u - Lee's Rapid Deconstr  Erth           ##........   45%         5    ####...
y - Iskenderun's Mystic   Conj           ######..     1%          4    None

Your spell library contained the following spells:

 Spells                   Type           Power        Failure   Level  Hunger
 Irradiate                Conj/Tmut      ####......   11%         5    ####...
 Shock                    Conj/Air       ####         1%          1    None
 Throw Flame              Conj/Fire      ######       1%          2    None
 Inner Flame              Hex/Fire       ####....     1%          3    None
 Static Discharge         Conj/Air       #####...     1%          3    None
 Lightning Bolt           Conj/Air       #####.....   7%          5    ####...
 Swiftness                Chrm/Air       ###.....     8%          2    None
 Airstrike                Air            ###.......   9%          4    None


Dungeon Overview and Level Annotations

Branches:
Dungeon (10/15)            Temple (1/1) D:4            Lair (0/6) D:8
    Orc: D:9-12

Altars:
Ashenzari
Cheibriados
Dithmenos
Elyvilon
Fedhas
Gozag
Hepliaklqana
Kikubaaqudgha
Makhleb
Nemelex Xobeh
Okawaru
Qazlal
Ru
Sif Muna
Trog
Uskayaw
Vehumet
Wu Jian
Xom
Yredelemnul
Zin
The Shining One

Shops:
D:9 ?


Message History

The orc warrior hits you from afar with a +0 glaive!
The orc priest calls upon Beogh to heal the orc warrior.
The orc warrior is healed somewhat.
Cast which spell? (? or * to list)
Aiming: Flame Tongue (safe; 1% risk of failure)
Press: ? - help, Shift-Dir - straight line, f/p - orc warrior
Aim: an orc warrior, wielding a +0 glaive and wearing a +0 plate armour of poison resistance (lightly wounded)
The flame tongue hits the orc warrior!
The orc warrior is heavily wounded.
The orc warrior closely misses you.
Cast which spell? (? or * to list)
Aiming: Flame Tongue (safe; 1% risk of failure)
Press: ? - help, Shift-Dir - straight line, f/p - orc warrior
Aim: an orc warrior, wielding a +0 glaive and wearing a +0 plate armour of poison resistance (heavily wounded)
The flame tongue hits the orc warrior but does no damage.
The orc warrior is heavily wounded.
The orc priest calls upon Beogh to heal the orc warrior.
The orc warrior is healed somewhat.
The orc warrior hits you from afar with a +0 glaive!
You die...

#o# ..# .## .## .... ## ##..
)# ##..######## # '##
#..........# ##'# .)#
#..........# ..... #.#
#..........########......
'.###..........'.@)oo{o......
#.#.'..).......########......
#.'.#..........# .....
#.###..........# .... #.#
#..........# ... ..#
############ .. ### .


You could see an orc warrior, an orc priest and an orc.

Vanquished Creatures
  Erica (D:8)
  A flayed ghost (D:8)
  Psyche (D:8)
  A troll (D:9)
  2 hippogriffs (D:7)
  Sigmund (D:5)
  5 wraiths (D:8)
  10 fire bats (D:8)
  4 yaks (D:9)
  3 orc warriors
  2 sky beasts
  An ice beast (D:10)
  A phantom (D:9)
  2 ogres
  2 centaurs
  5 big kobolds
  2 crocodiles
  5 bullfrogs
  4 scorpions
  3 killer bees
  4 howler monkeys
  4 hounds
  5 crimson imps
  A centaur zombie (D:7)
  14 orc wizards
  A quasit (D:3)
  A centaur skeleton (D:4)
  6 orc priests
  Terence (D:2)
  3 iguanas
  5 worker ants
  A hound skeleton (D:8)
  10 adders
  An ooze (D:1)
  An adder skeleton (D:9)
  2 adder zombies
  A worm (D:2)
  3 dart slugs
  7 leopard geckos
  46 orcs
  91 bats
  8 giant cockroaches
  8 goblins
  5 hobgoblins
  8 jackals
  5 quokkas
  A ball python (D:2)
  7 frilled lizards
  26 kobolds
  2 leopard gecko skeletons (D:5)
  A leopard gecko zombie (D:6)
  5 rats
340 creatures vanquished.

Notes
Turn   | Place    | Note
-------+----------+-------------------------------------------
     0 | D:1      | Duffy the Deep Elf Fire Elementalist began the quest for
                  | the Orb.
     0 | D:1      | Reached XP level 1. HP: 10/10 MP: 6/6
   531 | D:1      | Reached XP level 2. HP: 15/15 MP: 6/8
   949 | D:1      | Reached XP level 3. HP: 19/19 MP: 7/9
   954 | D:1      | Learned a level 3 spell: Conjure Flame
  1354 | D:2      | Noticed Terence
  1801 | D:2      | Killed Terence
  1801 | D:2      | Reached XP level 4. HP: 23/24 MP: 6/11
  1821 | D:2      | Learned a level 4 spell: Sticky Flame
  1962 | D:2      | Found an ancient bone altar of Kikubaaqudgha.
  2415 | D:3      | Found a glowing silver altar of Zin.
  2416 | D:3      | Reached skill level 4 in Spellcasting
  2522 | D:3      | Reached XP level 5. HP: 28/28 MP: 11/13
  3162 | D:4      | Learned a level 5 spell: Fireball
  3217 | D:4      | Reached XP level 6. HP: 21/32 MP: 9/15
  3481 | D:4      | Reached skill level 5 in Spellcasting
  3485 | D:4      | Reached skill level 5 in Fire Magic
  3536 | D:4      | Found a staircase to the Ecumenical Temple.
  3545 | D:4      | Reached skill level 5 in Conjurations
  3558 | Temple   | Entered the Ecumenical Temple
  3813 | Temple   | Became a worshipper of Vehumet
  4075 | D:4      | Found a basalt altar of Yredelemnul.
  4540 | D:4      | Reached XP level 7. HP: 36/36 MP: 14/17
  4544 | D:4      | Reached skill level 6 in Spellcasting
  4898 | D:4      | Found a sparkling altar of Nemelex Xobeh.
  4898 | D:4      | Found a shimmering altar of Xom.
  5278 | D:5      | Entered Level 5 of the Dungeon
  5366 | D:5      | Reached skill level 1 in Fighting
  5649 | D:5      | Found an iron altar of Okawaru.
  5650 | D:5      | Noticed Sigmund
  5808 | D:5      | Killed Sigmund
  5887 | D:5      | Reached XP level 8. HP: 43/45 MP: 19/19
  5941 | D:5      | Reached * piety under Vehumet
  5941 | D:5      | Offered knowledge of Shock by Vehumet.
  5941 | D:5      | Reached skill level 5 in Dodging
  6114 | D:5      | Found a hazy altar of Hepliaklqana.
  6663 | D:6      | Reached skill level 1 in Shields
  7198 | D:6      | Found a glowing golden altar of the Shining One.
  7428 | D:7      | Offered knowledge of Throw Frost by Vehumet.
  7432 | D:7      | Reached ** piety under Vehumet
  7614 | D:7      | Reached XP level 9. HP: 49/52 MP: 20/20
  8394 | D:7      | Reached skill level 5 in Fighting
  8840 | D:8      | Found a staircase to the Lair.
  9207 | D:8      | Noticed Psyche
  9216 | D:8      | Killed Psyche
  9216 | D:8      | Offered knowledge of Mephitic Cloud by Vehumet.
  9216 | D:8      | Reached skill level 7 in Spellcasting
  9221 | D:8      | Learned a level 3 spell: Mephitic Cloud
  9313 | D:8      | Found a runed translucent door.
  9404 | D:8      | Found a shadowy altar of Dithmenos.
  9415 | D:8      | Reached *** piety under Vehumet
  9547 | D:8      | Found a sparkling altar of Nemelex Xobeh.
  9554 | D:8      | Reached skill level 1 in Air Magic
  9554 | D:8      | Reached skill level 1 in Poison Magic
  9734 | D:8      | Found a blossoming altar of Fedhas.
  9738 | D:8      | Reached XP level 10. HP: 59/59 MP: 23/23
  9745 | D:8      | Offered knowledge of Iskenderun's Mystic Blast by Vehumet.
  9758 | D:8      | Learned a level 4 spell: Iskenderun's Mystic Blast
  9976 | D:8      | Noticed Erica
  9991 | D:8      | HP: 4/88 [Erica/+2 scimitar of flaming (2)]
  9992 | D:8      | Killed Erica
  9992 | D:8      | Reached skill level 8 in Spellcasting
 10520 | D:8      | Reached **** piety under Vehumet
 10969 | D:8      | Found a bloodstained altar of Trog.
 10984 | D:8      | Offered knowledge of Lee's Rapid Deconstruction by Vehumet.
 11006 | D:8      | Learned a level 5 spell: Lee's Rapid Deconstruction
 11088 | D:8      | Found a glowing silver altar of Zin.
 11107 | D:8      | Noticed a flayed ghost
 11124 | D:8      | Reached skill level 9 in Spellcasting
 11599 | D:8      | Found a hide-covered altar of Uskayaw.
 11623 | D:8      | Killed a flayed ghost
 11623 | D:8      | Reached skill level 10 in Spellcasting
 11908 | D:9      | Found Afofoarr's Magic Scroll Shoppe.
 11916 | D:9      | Bought a scroll of identify for 24 gold pieces
 11916 | D:9      | Bought a scroll of identify for 24 gold pieces
 11916 | D:9      | Bought a scroll of identify for 24 gold pieces
 11916 | D:9      | Bought a scroll of blinking for 90 gold pieces
 11916 | D:9      | Bought a scroll of random uselessness for 12 gold pieces
 11916 | D:9      | Bought a scroll of summoning for 114 gold pieces
 12303 | D:9      | Reached XP level 11. HP: 64/64 MP: 23/27
 12465 | D:9      | Reached ***** piety under Vehumet
 12546 | D:9      | Offered knowledge of Irradiate by Vehumet.
 13373 | D:9      | Bought a scroll of vulnerability for 90 gold pieces
 13373 | D:9      | Bought a scroll of amnesia for 42 gold pieces
 13385 | D:10     | Entered Level 10 of the Dungeon
 13455 | D:10     | Reached skill level 11 in Spellcasting
 13607 | D:10     | Slain by an orc warrior

Levels and vault maps discovered:
D:1:      dpeg_arrival_rooms_a, layout_loops_ring, minmay_vboxes
D:2:      layout_basic, kiku_gazebo_pond_becter, serial_aquarium,
          aquarium_bridge_straight [aquarium_subvault_bridge,
          aquarium_subvault_wall, aquarium_subvault_bridge,
          aquarium_subvault_wall], aquarium_bridge_square
          [aquarium_subvault_wall, aquarium_subvault_window,
          aquarium_subvault_wall, aquarium_subvault_bridge],
          aquarium_window_corridor_1, aquarium_window_2, aquarium_view_2e,
          aquarium_pool_corner, first_ration, minmay_misc_feat_four_crosses,
          uniq_terence
D:3:      layout_rooms, lemuel_crystal_altar, corner_web_ring
D:4:      layout_gridville, gammafunk_temple_overflow_elements,
          lemuel_crystal_altar, minmay_temple_entry_statues_fountains
D:5:      layout_basic, lemuel_crystal_altar, okawaru_ov_weapons_minmay,
          uniq_sigmund
D:6:      layout_cave_pools, tso_oasis_becter
D:7:      layout_cave_pools
D:8:      due_megacathedral, layout_basic, lair_entry_dummy, uniq_erica,
          uniq_psyche
D:9:      layout_basic, serial_shops, shop
D:10:     layout_roguey, hiddenorc2_lemuel, hangedman_ranch
          [blue_anna_fruit_fields], kennysheep_cross_bottleneck, uniq_gastronok,
          uniq_snorg, uniq_grum
Temple:   regret_index_temple_generic_petals

Skill      XL: |  1  2  3  4  5  6  7  8  9 10 11 |
---------------+----------------------------------+-----
Conjurations   | 2 3 4 5 6 8 |  8.6
Spellcasting   | 4 5 6 7 10 11 | 11.0
Fire Magic     | 4 5 6 8 |  8.6
Fighting       | 2 4 5 |  5.2
Dodging        | 4 7 8 |  8.0
Shields        | 3 4 |  4.0
Air Magic      | 1 2 |  2.2
Poison Magic   | 1 2 |  2.5
Stealth        | |  2.4
Evocations     | |  0.9

Action                   |  1- 3 |  4- 6 |  7- 9 | 10-12 || total
-------------------------+-------+-------+-------+-------++-------
Melee: Whip              |       |       |    48 |    82 ||   130
 Cast: Flame Tongue      |    77 |   141 |   258 |   276 ||   752
       Conjure Flame     |       |     1 |     5 |     4 ||    10
       Sticky Flame      |       |       |    28 |    16 ||    44
       Fireball          |       |       |       |     6 ||     6
Evoke: Wand              |       |       |     5 |     5 ||    10
  Use: Scroll            |       |       |    10 |     4 ||    14
       Potion            |       |       |       |     2 ||     2
 Stab: Paralysed         |       |       |    15 |     3 ||    18
  Eat: Chunk             |     2 |     9 |    19 |    13 ||    43
Armor: Robe              |     2 |       |       |       ||     2
       Leather armour    |    16 |    28 |    55 |    68 ||   167
Dodge: Dodged            |    34 |    57 |   128 |   165 ||   384
Block: Other             |       |    14 |    20 |       ||    34
       Reflection        |       |       |     8 |     2 ||    10
       Buckler           |       |       |    74 |   156 ||   230

Table legend:
 A = Non-vault XP
 B = Vault XP
 C = Vault XP percentage of total XP
 D = Non-vault monster count
 E = Vault monster count
 F = Vault count percentage of total count
                 A         B        C        D         E       F
            +---------+---------+-------+---------+---------+-------
      Total |    8870 |    3687 |  29.4 |     313 |      27 |   7.9
            +---------+---------+-------+---------+---------+-------
        D:1 |      45 |      17 |  27.4 |      20 |       6 |  23.1
        D:2 |      58 |      36 |  38.3 |      26 |       1 |   3.7
        D:3 |     237 |       0 |   0.0 |      34 |       0 |   0.0
        D:4 |     487 |       0 |   0.0 |      26 |       0 |   0.0
        D:5 |     501 |     223 |  30.8 |      15 |       1 |   6.2
        D:6 |     742 |       0 |   0.0 |      22 |       0 |   0.0
        D:7 |    1501 |       0 |   0.0 |      34 |       0 |   0.0
        D:8 |    2925 |    3175 |  52.0 |     105 |       8 |   7.1
        D:9 |    2154 |       0 |   0.0 |      27 |       0 |   0.0
       D:10 |     220 |     236 |  51.8 |       4 |      11 |  73.3
            +---------+---------+-------+---------+---------+-------
